 Dungeon Crawl Stone Soup version 0.21-a0-41-g5e91fef (webtiles) character file.

312 HAL9000 the Cutter (level 6, 0/30 HPs)
             Began as a Vine Stalker Assassin on June 1, 2017.
             Slain by an orc wizard
             ... wielding a +0 dagger
              (3 damage)
             ... on level 3 of the Dungeon on June 4, 2017.
             The game lasted 00:07:58 (2848 turns).

HAL9000 the Cutter (Vine Stalker Assassin)          Turns: 2848, Time: 00:07:59

Health: 0/30       AC:  3    Str: 14    XL:     6   Next: 42%
Magic:  0/7        EV: 11    Int: 11    God:
Gold:   167        SH:  0    Dex: 17    Spells: 5/5 levels left

rFire    . . .     SeeInvis .   D - +0 rapier
rCold    . . .     Gourm    .   (no shield)
rNeg     . . .     Faith    .   c - +0 robe
rPois    .         Spirit   +   (no helmet)
rElec    .         Reflect  .   v - +0 cloak
rCorr    .         Harm     .   (no gloves)
MR       .....                  (no boots)
Stlth    +++.......             (no amulet)
Regen    0.5/turn               (no ring)
MPRegen  0.1/turn               (no ring)

@: no status effects
A: fangs 2, regeneration 1, magic shield, antimagic bite, no potion heal 3, rot
immunity
a: no special abilities


You were on level 3 of the Dungeon.
You were not hungry.

You visited 1 branch of the dungeon, and saw 3 of its levels.
You also visited: Sewer.

You collected 167 gold pieces.

Inventory:

Hand Weapons
 a - a +2 dagger
 b - a +0 blowgun
 D - a +0 rapier (weapon)
Missiles
 e - 15 poisoned needles
 f - a curare-tipped needle
Armour
 c - a +0 robe (worn)
 v - a +0 cloak (worn)
Wands
 s - a wand of scattershot (0/9)
Scrolls
 j - a scroll of enchant weapon {unknown}
 l - a scroll of fog {unknown}
 m - 2 scrolls of amnesia {unknown}
 n - 5 scrolls of identify {unknown}
 p - 2 scrolls of fear {unknown}
 q - 3 scrolls of remove curse {unknown}
 w - a scroll of enchant armour {unknown}
 y - a scroll of immolation {unknown}
Potions
 k - 2 potions of flight
 z - a potion of brilliance {unknown}
 A - a potion of lignification {unknown}
 C - a potion of heal wounds {unknown}
 E - a potion of berserk rage {unknown}
 F - a potion of magic {unknown}
Comestibles
 g - 5 bread rations
 h - 5 meat rations
 i - 4 fruits
 r - a royal jelly
 B - a chunk of flesh


   Skills:
 - Level 1.7 Fighting
 + Level 6.0 Short Blades
 - Level 1.7 Throwing
 - Level 0.7 Dodging
 - Level 4.8 Stealth


You had 5 spell levels left.
You didn't know any spells.

Dungeon Overview and Level Annotations

Branches:
Dungeon (3/15)

Altars:


Innate Abilities, Weirdness & Mutations

You have extremely sharp teeth.
Your natural rate of healing is unusually fast.
When hurt, damage is shared between your health and your magic reserves.
Your bite disrupts and absorbs the magic of your enemies.
Potions cannot restore your health.
You are immune to rotting.


Message History

You miss something. You bite something. You drain its magic.
Something hits you but does no damage.
Some of the chunks of flesh in your inventory have rotted away.
You bump into the rock wall.
Something completely misses you.
You bump into the rock wall.
Something hits you but does no damage.
You bump into the rock wall.
Something hits you.
* * * LOW HITPOINT WARNING * * *
You completely miss something. You bite something.
Something hits you but does no damage.
You bump into the rock wall.
You feel less invigorated.
You feel less confused. Something hits you but does no damage.
You barely miss something. Your bite misses something.
You hear some strange, mumbled words.
A puff of flame appears from out of thin air!
The puff of flame hits you!
* * * LOW HITPOINT WARNING * * *
You hit something but do no damage. Something hits you but does no damage.
You closely miss something. You bite something. Something hits you.
You die...

#####
###..#.##........).# #.
##.........#.###.######.
###.........# #..##....
####o....#.# ##.##.###
#.....o###.####....##.
.....####.###......(..##.
.### #..##....####..#.
#########...>#).# ##.#.
.......@).....#.# #...
#############...# #...
##### #... #... ####


There were no monsters in sight!

Vanquished Creatures
  Purgy (Sewer)
  An iguana (D:3)
  An orc wizard (D:3)
  Robin (D:2)
  5 adders (D:2)
  5 dart slugs
  2 leopard geckos
  11 orcs (D:3)
  12 bats
  7 giant cockroaches
  14 goblins
  8 hobgoblins
  3 jackals (D:3)
  3 kobolds
  2 quokkas
  A ball python (D:3)
  2 frilled lizards
  9 rats
88 creatures vanquished.

Notes
Turn   | Place    | Note
-------+----------+-------------------------------------------
     0 | D:1      | HAL9000 the Vine Stalker Assassin began the quest for the Orb.
     0 | D:1      | Reached XP level 1. HP: 11/11 MP: 2/2
   228 | D:1      | Reached skill level 2 in Short Blades
   614 | D:1      | Reached XP level 2. HP: 11/15 MP: 1/3
   768 | D:1      | Upgraded the game from 0.21-a0-39-g28ea6b7 to 0.21-a0-41-g5e91fef
  1103 | D:1      | Reached skill level 3 in Short Blades
  1286 | D:2      | Reached XP level 3. HP: 18/18 MP: 4/4
  1373 | D:2      | Found a faded altar of an unknown god.
  1851 | D:2      | Gained mutation: Your natural rate of healing is unusually fast. [Vine Stalker growth]
  1851 | D:2      | Reached XP level 4. HP: 11/23 MP: 2/5
  2053 | D:2      | Noticed Robin
  2126 | D:2      | Reached skill level 4 in Short Blades
  2130 | D:2      | Killed Robin
  2373 | D:2      | Reached XP level 5. HP: 26/26 MP: 6/6
  2476 | D:3      | Found a glowing drain.
  2483 | Sewer    | Entered a sewer
  2515 | Sewer    | Noticed Purgy
  2526 | Sewer    | Killed Purgy
  2526 | Sewer    | Reached skill level 5 in Short Blades
  2586 | D:3      | Reached XP level 6. HP: 28/30 MP: 5/7
  2832 | D:3      | Reached skill level 6 in Short Blades
  2848 | D:3      | Slain by an orc wizard

Vault maps used:
D:1:      dpeg_arrival_water_fire
D:2:      kennysheep_six_static_rooms, chequers_ecumenical_altar_simple_redux,
          uniq_robin
D:3:      cheibrodos_sewer_entry_drain, first_bread, minmay_ruptured
Sewer:    sewer_big_baddie

Skill      XL: |  1  2  3  4  5  6 |
---------------+-------------------+-----
Short Blades   | 2 3 4 5 6 |  6.0
Fighting       | |  1.7
Throwing       | |  1.7
Dodging        | |  0.7
Stealth        | |  4.8

Action                   |  1- 3 |  4- 6 || total
-------------------------+-------+-------++-------
Melee: Dagger            |    69 |    77 ||   146
       Bite              |    16 |    45 ||    61
       Rapier            |       |    87 ||    87
 Fire: Blowgun           |       |     1 ||     1
Evoke: Wand              |       |     2 ||     2
  Use: Potion            |     3 |     1 ||     4
 Stab: Sleeping          |     6 |    11 ||    17
       Distracted        |     1 |       ||     1
  Eat: Chunk             |     2 |     4 ||     6
Armor: Robe              |    17 |    42 ||    59
Dodge: Dodged            |    34 |   108 ||   142
